 Dungeon Crawl Stone Soup version 0.16.0-17-g811c1d7 (webtiles) character file.

56 Huymann the Firebug (level 3, -7/20 HPs)
             Began as a Deep Elf Fire Elementalist on Mar 20, 2015.
             Killed from afar by Crazy Yiuf (11 damage)
             ... with a wand of flame
             ... on level 2 of the Dungeon.
             The game lasted 00:11:50 (2560 turns).

Huymann the Firebug (Deep Elf Fire Elementalist)    Turns: 2560, Time: 00:11:51

Health: -7/20      AC:  2    Str:  5    XL:     3   Next: 69%
Magic:  3/11       EV: 13    Int: 20    God:
Gold:   128        SH:  0    Dex: 15    Spells: 3 memorised, 3 levels left

rFire  . . .     SeeInvis .     i - +0 dagger
rCold  . . .     Clarity  .     j - +0 robe
rNeg   . . .     SustAb   .     (no shield)
rPois  .         Gourm    .     (no helmet)
rElec  .         Spirit   .     (no cloak)
rCorr  .         Warding  .     (no gloves)
rMut   .         Stasis   .     (no boots)
MR     .....                    (no amulet)
Stlth  ++........               (no ring)
                                (no ring)

@: very slightly contaminated, not resistant to hostile enchantments, unstealthy
A: no striking features
a: no special abilities


You were on level 2 of the Dungeon.
You were not hungry.

You visited 1 branch of the dungeon, and saw 3 of its levels.

You collected 128 gold pieces.

Inventory:

Hand weapons
 i - a +0 dagger (weapon)
Missiles
 e - 12 arrows of frost
 g - 76 arrows
 l - 6 tomahawks (quivered)
 t - 31 arrows of flame
Armour
 a - a +0 robe
 j - a +0 robe (worn)
 w - a cursed +0 leather armour
 y - a cursed +0 ring mail
Jewellery
 n - an uncursed ring of positive energy {unknown}
Scrolls
 h - 2 scrolls of remove curse
 v - a scroll of enchant armour {unknown}
 x - a scroll of immolation {unknown}
Potions
 d - a potion of mutation {unknown}
 f - a potion of lignification {unknown}
 k - a potion of curing {unknown}
 m - a potion of invisibility {unknown}
 o - 2 potions of agility {unknown}
Books
 b - a book of Flames

   Spells                             Type                      Level
   a - Flame Tongue                   Conjuration/Fire             1
   b - Throw Flame                    Conjuration/Fire             2
   c - Conjure Flame                  Conjuration/Fire             3
   d - Inner Flame                    Hexes/Fire                   3
   e - Sticky Flame                   Conjuration/Fire             4
   f - Fireball                       Conjuration/Fire             5
 u - a Grand Grimoire {highlevel, unknown}

   This book is beyond your current level of understanding.

   Spells                             Type                      Level
   a - Aura of Abjuration             Summoning                    6
   b - Summon Greater Demon           Summoning                    7
   c - Malign Gateway                 Summoning/Translocation      7
   d - Summon Horrible Things         Summoning                    8
Comestibles
 c - 2 bread rations
 p - 2 slices of pizza
 q - 4 fruits
 r - 2 meat rations


   Skills:
 * Level 0.5 Fighting
 * Level 0.4 Short Blades
 * Level 2.9 Dodging
 * Level 2.8 Stealth
 * Level 3.5 Spellcasting
 * Level 1.7 Conjurations
 + Level 3.8 Fire Magic


You had 3 spell levels left.
You knew the following spells:

 Your Spells              Type           Power        Failure   Level  Hunger
a - Flame Tongue          Conj/Fire      ##...        4%          1    None
b - Throw Flame           Conj/Fire      ##....       10%         2    ##.....
c - Conjure Flame         Conj/Fire      ##......     14%         3    ###....


Dungeon Overview and Level Annotations

Branches:
Dungeon (3/15)

Altars:

Annotations:
D:2 Crazy Yiuf


Message History

Aim: Crazy Yiuf, wielding a quarterstaff of chaos, wearing a cloak and carrying a wand of flame {zapped: 2} The flame tongue misses Crazy Yiuf.
Casting: Flame Tongue
Confirm with . or Enter, or press ? or * to list all spells.
Aiming: Flame Tongue
Press: ? - help, Shift-Dir - straight line, f/p - Crazy Yiuf
Aim: Crazy Yiuf, wielding a quarterstaff of chaos, wearing a cloak and carrying a wand of flame {zapped: 2} The flame tongue hits Crazy Yiuf.
Crazy Yiuf is lightly wounded.
Crazy Yiuf zaps a wand.
The puff of flame hits you!
* * * LOW HITPOINT WARNING * * *
Casting: Flame Tongue
Confirm with . or Enter, or press ? or * to list all spells.
Aiming: Flame Tongue
Press: ? - help, Shift-Dir - straight line, f/p - Crazy Yiuf
Aim: Crazy Yiuf, wielding a quarterstaff of chaos, wearing a cloak and carrying a wand of flame {zapped: 3} (lightly wounded)
The flame tongue misses Crazy Yiuf.
Crazy Yiuf zaps a wand.
The puff of flame hits you!
Ouch! That really hurt!
You die...

#.#
##..####
#.#
#.....
#.#
#....#
#.#
######
#.#
♣....♣
#.# #<#
♣...♣♣
##.# #.#
♣♣.♣♣
#..# #.#
♣.♣♣ ####
#.# ♣♣.♣
##.##
♣.♣♣
#######
##.#.###
♣♣@♣
#......
#.###..#
#§#
#.#####
##.#.###
.g. ##.##
##.##
#...#
#####...#
### #..)#
#.......#
#####
#####...#
#####


You could see Crazy Yiuf.

Vanquished Creatures
  2 adders
  5 giant geckos
  3 orcs
  4 ball pythons
  A giant cockroach (D:1)
  2 hobgoblins
  A quokka (D:3)
  2 bats (D:2)
  A giant gecko skeleton (D:1)
  2 giant newts (D:3)
  4 goblins
  A jackal skeleton (D:3)
  2 kobolds
  5 rats
35 creatures vanquished.

Notes
Turn   | Place    | Note
--------------------------------------------------------------
     0 | D:1      | Huymann, the Deep Elf Fire Elementalist, began the quest for the Orb.
     0 | D:1      | Reached XP level 1. HP: 10/10 MP: 5/5
   285 | D:1      | You fall through a shaft!
   297 | D:2      | Reached XP level 2. HP: 12/15 MP: 1/8
   933 | D:1      | Learned a level 2 spell: Throw Flame
  1829 | D:3      | Reached XP level 3. HP: 19/19 MP: 11/11
  1834 | D:3      | Learned a level 3 spell: Conjure Flame
  2549 | D:2      | Noticed Crazy Yiuf
  2560 | D:2      | Killed from afar by Crazy Yiuf

Action                   || total
-------------------------++-------
Melee: Dagger            ||    49
 Cast: Flame Tongue      ||    38
       Conjure Flame     ||     2
  Use: Scroll            ||     2
 Stab: Sleeping          ||     5
  Eat: Chunk             ||     5
